 Dungeon Crawl Stone Soup version 0.26-a0-651-gb41185065b (webtiles) character file.

Game seed: 8541706034204880612

244 Flugslaktarn the Chopper (level 5, 0/50 HPs)
             Began as a Deep Dwarf Fighter on Oct 6, 2020.
             Killed from afar by Maggie (4 damage)
             ... with a bolt of fire
             ... on level 6 of the Dungeon.
             The game lasted 00:00:57 (1036 turns).

Flugslaktarn the Chopper (Deep Dwarf Fighter)       Turns: 1036, Time: 00:00:58

Health: 0/50       AC: 10    Str: 20    XL:     5   Next: 83%
Magic:  3/3        EV:  5    Int:  9    God:
Gold:   97         SH:  9    Dex: 12    Spells: 4/4 levels left

rFire    . . .     SeeInvis .   a - +0 war axe
rCold    . . .     Faith    .   c - +0 kite shield
rNeg     . . .     Spirit   .   n - +0 chain mail
rPois    .         Reflect  .   (no helmet)
rElec    .         Harm     .   f - +0 cloak
rCorr    .         Rampage  .   (no gloves)
MR       .....                  (no boots)
Stlth    ..........             (no amulet)
HPRegen  0.00/turn              (no ring)
MPRegen  0.08/turn              (no ring)

@: mesmerised, non-regenerating
A: damage resistance, heal wounds, sense surroundings 1, no regeneration
a: Heal Wounds


You were on level 6 of the Dungeon.
You visited 1 branch of the dungeon, and saw 5 of its levels.

You collected 97 gold pieces.

Inventory:

Hand Weapons
 a - a +0 war axe (weapon)
Armour
 c - a +0 kite shield (worn)
 f - a +0 cloak (worn)
   (You found it on level 2 of the Dungeon)
 n - a +0 chain mail (worn)
   (You took it off Terence on level 3 of the Dungeon)
Wands
 b - a wand of paralysis (11)
   (You found it on level 3 of the Dungeon)
Scrolls
 e - a scroll of immolation {unknown}
 g - 2 scrolls of identify {unknown}
 m - a scroll of enchant weapon {unknown}
 x - a scroll of remove curse
Potions
 d - a potion of might
 h - a potion of heal wounds {unknown}
 i - 2 potions of curing {unknown}
 j - 2 potions of ambrosia {unknown}
 k - a potion of magic {unknown}
 l - a potion of flight {unknown}


   Skills:
 * Level 4.1 Fighting
 * Level 4.3 Axes
 + Level 4.2 Armour
 + Level 4.1 Shields


You had 4 spell levels left.
You didn't know any spells.
Your spell library was empty.

Dungeon Overview and Level Annotations

Branches:
Dungeon (4/15)
 Temple: D:4-7

Altars:
Wu Jian

Annotations:
D:6 Maggie


Innate Abilities, Weirdness & Mutations

You are resistant to damage.
You can heal yourself by infusing magical energy.
You passively map a small area around you.
You do not regenerate.


Message History

You barely miss Maggie.
Maggie is almost dead.
Maggie hits you with a +2 morningstar of flaming!
Maggie burns you.
You barely miss Maggie.
Maggie is almost dead.
Maggie hits you with a +2 morningstar of flaming.
Maggie burns you.
You hit Maggie but do no damage.
Maggie is almost dead.
Maggie hits you with a +2 morningstar of flaming!
Maggie burns you.
Your shield and chain mail prevent you from hitting Maggie.
Maggie is almost dead.
Maggie casts a spell at you. The bolt of fire hits you!
* * * LOW HITPOINT WARNING * * *
Maggie casts a spell at you. The bolt of fire hits you.
You die...

* , , * , , , *
,, ,, , * * * ,
* *
######+######,
#...........# ,
####..@........#
,
.......@.......#
, ,
........#+######
, * ....."... ,
.......... ,
,...........
...........# **
...........# , ,
, ...........#
,,


You could see Maggie (mesmerising).

Vanquished Creatures
  A hound (D:6)
  Jessica (D:2)
  Terence (D:3)
  Natasha (twice) (D:2)
  Robin (D:2)
  An adder (D:2)
  4 gnolls (D:4)
  A shadow imp (D:6)
  2 worms
  3 bats
  A giant cockroach (D:3)
  9 hobgoblins
  4 jackals (D:3)
  A quokka (D:4)
  4 frilled lizards
  8 goblins
  A kobold (D:3)
  2 rats
47 creatures vanquished.

Notes
Turn   | Place    | Note
-------+----------+-------------------------------------------
     0 | D:1      | Flugslaktarn the Deep Dwarf Fighter began the quest for the
                  | Orb.
     0 | D:1      | Reached XP level 1. HP: 20/20 MP: 1/1
   230 | D:2      | Noticed Natasha
   233 | D:2      | Noticed an iron imp
   239 | D:2      | Killed Natasha
   239 | D:2      | Reached XP level 2. HP: 28/28 MP: 2/2
   286 | D:2      | Reached XP level 3. HP: 34/34 MP: 3/3
   337 | D:2      | Found an ornate altar of the Wu Jian Council.
   476 | D:2      | Noticed Robin
   500 | D:2      | Killed Robin
   601 | D:2      | Noticed Jessica
   607 | D:2      | Killed Jessica
   607 | D:2      | Reached XP level 4. HP: 33/42 MP: 4/4
   700 | D:2      | Noticed Natasha
   708 | D:2      | Killed Natasha
   757 | D:3      | Noticed Terence
   766 | D:3      | Killed Terence
   766 | D:3      | Reached XP level 5. HP: 41/50 MP: 5/5
   997 | D:4      | You fall into a shaft and drop 2 floors!
  1000 | D:6      | Noticed Maggie
  1036 | D:6      | Killed from afar by Maggie

Illustrated notes

Levels and vault maps discovered:
D:1:      wheals_arrival_linesprint, layout_basic
D:2:      layout_loops_corners, marbit_many_paths,
          chequers_serial_rivers_micro_d, uniq_jessica, uniq_natasha, uniq_robin
D:3:      layout_basic, uniq_terence
D:4:      layout_gridville, kennysheep_little_box, kennysheep_mini_moat,
          minmay_temple_entry_waves
D:6:      layout_basic, palyth_stone_intersect, uniq_menkaure, uniq_maggie

Skill      XL: |  1  2  3  4  5 |
---------------+----------------+-----
Fighting       | 3 4 |  4.1
Axes           | 3 4 |  4.3
Armour         | 4 |  4.2
Shields        | 4 |  4.1

Action                   |  1- 3 |  4- 6 || total
-------------------------+-------+-------++-------
Melee: War axe           |    60 |   100 ||   160
 Abil: Heal Wounds       |     1 |     6 ||     7
  Use: Scroll            |       |     2 ||     2
Armor: Scale mail        |    20 |    18 ||    38
       Chain mail        |       |    36 ||    36
Dodge: Dodged            |    18 |    33 ||    51
Block: Kite shield       |    32 |    46 ||    78

Table legend: (Time is in decaauts)
 A = Elapsed time spent in this place.
 B = Non-inter-level travel time spent in this place.
 C = Inter-level travel time spent in this place.
 D = Time resting spent in this place.
 E = Time spent auto-exploring this place.
 F = Levels seen in this place.
 G = Mean time per level.
                   A        B        C        D        E       F      G
               +--------+--------+--------+--------+--------+-----+--------+
         Total |   1107 |   1011 |     96 |      0 |    639 |   5 |  221.4 |
       Dungeon |   1107 |   1011 |     96 |      0 |    639 |   5 |  221.4 |
               +--------+--------+--------+--------+--------+-----+--------+

Top non-repeatable levels by time:
     D:2: 699 daAuts
     D:3: 233 daAuts
     D:1: 73 daAuts
     D:4: 50 daAuts
     D:6: 50 daAuts
